LetsOutscumLuxidream, neutral female scurrid Tourist ..$ .@. ... ... LetsOutscumLuxidream the Rambler Experience level: 1 Strength: 12 Dexterity: 14 Constitution: 14 Intelligence: 12 Wisdom: 8 Charisma: 18 Health: 0(9) Energy: 2(2) Def: 0 Gold: 740 Moves: 54 Dungeon seed: QIz5vk0mLh5EnRck Game ID: LetsOutscumLuxidream_1498228009 Your Inventory: Coins $ - 740 gold pieces Weapons a - 50 uncursed +2 darts (in quiver) Armor e - an uncursed +0 Hawaiian shirt (being worn) Comestibles b - 6 uncursed food rations c - 2 uncursed apples d - 2 uncursed eggs f - an uncursed tripe ration g - an uncursed fortune cookie Scrolls j - 4 uncursed scrolls of magic mapping Potions h - a blessed potion of extra healing i - an uncursed potion of extra healing Wands m - an uncursed wand of secret door detection (0:13) Tools k - an uncursed expensive camera (0:53) l - an uncursed credit card Spells and supernatural/magical abilities: Name Level Category Fail Memory W - pray for help -- divine ? -- Your skills at the end: Miscellaneous Skills wands [Basic] Weapon Skills dart [Basic] Spellcasting Skills Final Attributes: You were devoutly aligned. You had infravision. You were very stealthy. You are dead. Vanquished creatures: an iguana Genocided species: tourists 1 species genocided. Voluntary challenges: You went without food. You did not adorn yourself with jewelry or accessories. You did not cause conflict. You were not invisible. You did not have reflection. You were not displaced. You were an atheist. You never hit with a wielded weapon. You were a pacifist. You did not use tools. You did not use plumbed fixtures. You did not drink any magical draughts. You read items or engraved 3 times, starting on turn 20. You genocided 1 type of monster, starting on turn 0. You never polymorphed an object. You never changed form. You used no wishes. You never split a pudding. You never wrote Elbereth's name. You never violated your personal moral code. Dungeon overview: The Dungeons of Doom: levels 1 to 17 Level 1 a long staircase Level 2 Level 3 Level 4 Level 5 a fountain Level 6 Level 7 Level 8 Level 9 Level 10 Level 11 Level 12 Level 13 Level 14 Level 15 Level 16 Level 17 <- You were here History has recorded: On T:1 you entered the Dungeons of Doom to retrieve the Amulet of Yendor! On T:4 you reached level 2 of The Dungeons of Doom. On T:7 you reached level 3 of The Dungeons of Doom. On T:9 you reached level 4 of The Dungeons of Doom. On T:11 you reached level 5 of The Dungeons of Doom. On T:22 you reached level 6 of The Dungeons of Doom. On T:25 you reached level 7 of The Dungeons of Doom. On T:27 you reached level 8 of The Dungeons of Doom. On T:29 you reached level 9 of The Dungeons of Doom. On T:31 you reached level 10 of The Dungeons of Doom. On T:34 you reached level 11 of The Dungeons of Doom. On T:36 you reached level 12 of The Dungeons of Doom. On T:38 you reached level 13 of The Dungeons of Doom. On T:45 you reached level 14 of The Dungeons of Doom. On T:47 you reached level 15 of The Dungeons of Doom. On T:49 you reached level 16 of The Dungeons of Doom. On T:52 you reached level 17 of The Dungeons of Doom. On T:52 you entered the Rogue tribute level. Score breakdown: Gold: 0 ( 0 points) Experience: 1 level ( 0 points) Exploration: 17 levels ( 480 points) Discoveries: 1 item ( 50 points) Variety of kills: 1 monster ( 50 points) Major goal: (nothing yet) ( 0 points) Survival: died (score multiplied by 3) Total score: 1740 Latest messages: You fall through... You start digging downward. You continue digging downward. You dig a pit in the floor. You continue digging downward. You dig a hole through the floor. You fall through... You start digging downward. You continue digging downward. You dig a pit in the floor. You continue digging downward. You dig a hole through the floor. You fall through... You enter what seems to be an older, more primitive world. You see here a scroll labeled PRATYAVAYAH. q - a scroll labeled PRATYAVAYAH. As you read the scroll, it disappears. You have found a scroll of genocide! Wiped out all tourists. Final status: Aloha LetsOutscumLuxidream the Tourist, wiped out by a scroll of genocide... You were wiped out in The Dungeons of Doom on dungeon level 17 with 1740 points, and 740 pieces of gold, after 54 moves. You were level 1 with a maximum of 9 hit points when you were wiped out.